 Dungeon Crawl Stone Soup version 0.32-a0-673-g3729bd50f8 (webtiles) character file.

Game seed: 5332298362201810139

1800 Shayle the Apothecary (level 9, -2/48 (57) HPs)
             Began as a Coglin Alchemist on Mar 10, 2024.
             Was an Initiate of Wu Jian.
             Slain by an orc warrior
             ... wielding a +1 mace of draining
              (10 damage)
             ... on level 7 of the Dungeon.
             The game lasted 00:21:06 (6415 turns).

Shayle the Apothecary (Coglin Alchemist)            Turns: 6415, Time: 00:21:06

HP:   -2/48 (57)    AC: 13    Str: 14    XL:     9   Next: 9%
MP:   16/16         EV: 14    Int: 18    God:    Wu Jian [......]
Gold: 108           SH:  0    Dex: 15    Spells: 9/17 levels left

rFire   . . .        p - +6 trident (holy) {Inés}
rCold   . . .        c - +4 mace "Selayleo" {protect, rElec rCorr Str+5 Stlth-}
rNeg    . . .        f - +1 leather armour "Idavun" {Rampage Will+}
rPois   .            (no helmet)
rElec   +            (no cloak)
rCorr   +            r - +1 pair of gloves
SInv    .            (no boots)
Will    +....        (amulet unavailable)
Stlth   +            (ring unavailable)
HPRegen 0.28/turn    (ring unavailable)
MPRegen 0.15/turn    (no gizmo)

%: rampage
@: under a protective aura, heavily drained, revved
A: off-hand wielding, slow wielding, warmup strikes, no jewellery
a: Invent Gizmo, Renounce Religion


You were on level 7 of the Dungeon.
You worshipped Wu Jian.
Wu Jian was noncommittal.
You visited 2 branches of the dungeon, and saw 8 of its levels.

You collected 276 gold pieces.
You spent 168 gold pieces at shops.

Inventory:

Hand Weapons
 c - the +4 mace "Selayleo" (offhand) {protect, rElec rCorr Str+5 Stlth-}
   (You bought it in a shop on level 2 of the Dungeon)

   Str+5:     It affects your strength (+5).
   rElec:     It insulates you from electricity.
   rCorr:     It protects you from acid and corrosion.
   Stlth-:    It makes you less stealthy.
 e - a +1 dagger {Esmond}
 n - a +0 short sword {Renate}
 o - a -1 war axe of flaming
 p - a +6 trident of holy wrath (weapon) {Inés}
Missiles
 t - a throwing net
Armour
 a - a +1 robe
 f - the +1 leather armour "Idavun" (worn) {Rampage Will+}
   (You found it on level 2 of the Dungeon)

   Will+:     It increases your willpower.
   Rampage:   It bestows one free step when moving towards enemies.
 r - a +1 pair of gloves (worn)
 w - +0 ice dragon scales
Wands
 g - a wand of quicksilver (12)
 q - a wand of roots (9)
 v - a wand of charming (12)
Scrolls
 h - 2 scrolls of blinking {unknown}
 j - a scroll of enchant weapon
 k - 3 scrolls of noise
 l - a scroll of poison {unknown}
 m - a scroll of identify
 s - a scroll of acquirement {unknown}
 u - a scroll of fog
Potions
 b - a potion of magic
 d - a potion of might
 i - a potion of mutation
 x - a potion of lignification {unknown}


   Skills:
 + Level 5.2 Dodging
 - Level 1.5 Stealth
 + Level 4.8 Spellcasting
 + Level 4.9 Conjurations
 + Level 3.1 Fire Magic
 + Level 6.7 Alchemy


You had 9 spell levels left.
You knew the following spells:

 Your Spells              Type           Power      Damage    Failure   Level
a - Sting                 Conj/Alch      100%       1d9       1%          1
b - Mephitic Cloud        Conj/Alch/Air  18%        N/A       11%         3
c - Sticky Flame          Fire/Alch      22%        2d6       22%         4

Your spell library contained the following spells:

 Spells                   Type           Power      Damage    Failure   Level
 Mercury Vapours          Alch/Air       32%        N/A       7%          2
 Olgreb's Toxic Radiance  Alch           28%        N/A       11%         4
 Apportation              Tloc           8%         N/A       17%         1
 Necrotise                Necr           16%        1d4       17%         1
 Summon Small Mammal      Summ           16%        N/A       17%         1


Dungeon Overview and Level Annotations

Branches:
Dungeon (7/15)             Temple (1/1) D:6

Altars:
Cheibriados
Dithmenos
Elyvilon
Gozag
Hepliaklqana
Makhleb
Nemelex Xobeh
Okawaru
Qazlal
Ru
Sif Muna
Trog
Uskayaw
Vehumet
Wu Jian
Xom
Yredelemnul
The Shining One

Shops:
D:2 ([[*?   D:6 *

Annotations:
D:5 1 runed translucent door, DeathSocks's ghost, novice BaHu


Innate Abilities, Weirdness & Mutations

You can wield a second weapon in your off-hand.
It takes a long time for you to wield or remove held weapons.
Your first few attacks do less damage.
You cannot equip rings or amulets.


Message History

The orc warrior hits you but does no damage.
You feel drained.
You hit the orc warrior with your +6 trident of holy wrath.
The orc warrior is moderately wounded.
You closely miss the orc warrior with the +4 mace "Selayleo".
The orc misses you.
The orc warrior hits you with a +1 mace of draining!
You feel drained.
You closely miss the orc warrior with your +6 trident of holy wrath.
The orc warrior is moderately wounded.
You hit the orc warrior with the +4 mace "Selayleo".
The orc hits you but does no damage. The orc warrior misses you.
Unknown command.
You closely miss the orc warrior with your +6 trident of holy wrath.
The orc warrior is moderately wounded.
You hit the orc warrior with the +4 mace "Selayleo".
The orc hits you but does no damage. The orc warrior barely misses you.
The orc hits you but does no damage. The orc warrior closely misses you.
Unknown command.
You puncture the orc warrior with your +6 trident of holy wrath!
The orc warrior is severely wounded.
You barely miss the orc warrior with the +4 mace "Selayleo".
The orc misses you.
The orc warrior hits you but does no damage.
You feel drained.
Unknown command.
You barely miss the orc warrior with your +6 trident of holy wrath.
The orc warrior is severely wounded.
You hit the orc warrior but do no damage.
The orc hits you but does no damage.
The orc warrior hits you with a +1 mace of draining!
* * * LOW HITPOINT WARNING * * *
You feel drained.
* * * LOW HITPOINT WARNING * * *
You hit the orc warrior but do no damage.
The orc warrior is severely wounded.
You hit the orc warrior with your +6 trident of holy wrath.
The orc misses you.
The orc warrior hits you with a +1 mace of draining!
You die...

.# .# .# ##.#
...#
.######..#
......oo.#
#@)# # #.)#
.##. #..#
....######..##
.##....[.....#
........##.#<#
##.........#.#
#..###.####.#
#..# #.# .#


You could see an orc warrior and an orc.

Vanquished Creatures
  Duvessa (D:5)
  A black bear (D:5)
  An ice beast (D:6)
  An ogre (D:4)
  A gnoll sergeant (D:6)
  5 scorpions
  Dowan (D:5)
  2 jellies
  3 hounds
  3 bombardier beetles
  4 orc priests
  A gnoll bouda (D:5)
  Ijyb (D:5)
  4 iguanas
  2 sleepcaps (D:5)
  2 orc wizards
  12 adders
  17 gnolls
  A shadow imp (D:6)
  A white imp (D:7)
  4 ufetubi (D:5)
  A dart slug (D:2)
  5 ribbon worms
  10 orcs
  9 ball pythons
  4 endoplasms
  3 giant cockroaches
  6 goblins
  8 hobgoblins
  2 jackals (D:2)
  5 quokkas
  8 bats
  A frilled lizard (D:3)
  7 kobolds
  2 rats (D:2)
139 creatures vanquished.

Vanquished Creatures (others)
  An orc (D:5)
1 creature vanquished.

Grand Total: 140 creatures vanquished

Notes
Turn   | Place    | Note
-------+----------+-------------------------------------------
     0 | D:1      | Shayle the Coglin Alchemist began the quest for the Orb.
     0 | D:1      | Reached XP level 1. HP: 13/13 MP: 3/3
    28 | D:1      | Found a faded altar of an unknown god.
   186 | D:1      | Reached skill level 1 in Conjurations
   305 | D:1      | Reached XP level 2. HP: 5/19 MP: 4/4
   885 | D:2      | Found Carup's Antique Armour Shop.
   888 | D:2      | Found Ceacixoh's Antique Armour Boutique.
   908 | D:2      | Found Itzy's Antique Weapon Shop.
  1107 | D:2      | Identified the +1 leather armour "Idavun" {Rampage Will+}
  1122 | D:2      | Found Feeggy's Magic Scroll Shop.
  1221 | D:3      | Found a snail-covered altar of Cheibriados.
  1250 | D:3      | Reached XP level 3. HP: 14/24 MP: 6/6
  1313 | D:3      | Found a shimmering blue altar of Sif Muna.
  1395 | D:2      | Found Boudagh's General Store.
  1433 | D:2      | Reached XP level 4. HP: 18/30 MP: 7/7
  1565 | D:2      | Reached skill level 4 in Alchemy
  2011 | D:3      | Reached XP level 5. HP: 35/35 MP: 8/8
  2437 | D:3      | Found an iron altar of Okawaru.
  2735 | D:4      | Found a burning altar of Makhleb.
  2745 | D:4      | Found a sparkling altar of Nemelex Xobeh.
  2804 | D:4      | Reached XP level 6. HP: 34/41 MP: 10/10
  2970 | D:4      | Learned a level 3 spell: Mephitic Cloud
  3319 | D:4      | HP: 1/41 [acid (7)]
  3705 | D:5      | Entered Level 5 of the Dungeon
  3705 | D:5      | Noticed a black bear
  3742 | D:5      | Noticed Dowan
  3771 | D:5      | Reached skill level 5 in Alchemy
  3771 | D:5      | Reached XP level 7. HP: 46/46 MP: 12/12
  4028 | D:2      | Bought a warped mace for 168 gold pieces
  4028 | D:2      | Identified the +4 mace "Selayleo" {protect, rElec rCorr
                  | Str+5 Stlth-} (You bought it in a shop on level 2 of the
                  | Dungeon)
  4121 | D:5      | Noticed Duvessa
  4297 | D:4      | Learned a level 4 spell: Sticky Flame
  4307 | D:5      | Found a runed translucent door.
  4310 | D:5      | Noticed DeathSocks's ghost (novice BaHu)
  4331 | D:5      | Noticed Ijyb
  4350 | D:5      | Killed Ijyb
  4366 | D:5      | Reached skill level 1 in Fire Magic
  4449 | D:5      | Reached XP level 8. HP: 50/52 MP: 13/13
  4634 | D:5      | Found a sacrificial altar of Ru.
  4727 | D:5      | Killed Duvessa
  4728 | D:5      | Reached skill level 6 in Alchemy
  4861 | D:5      | Killed Dowan
  5566 | D:6      | Found a glowing golden altar of the Shining One.
  5578 | D:6      | Found Myruadudui's CLEARANCE SALE!.
  5726 | D:6      | Reached skill level 5 in Dodging
  5860 | D:6      | Reached XP level 9. HP: 21/57 MP: 16/16
  6194 | D:6      | Found a staircase to the Ecumenical Temple.
  6203 | Temple   | Entered the Ecumenical Temple
  6241 | Temple   | Became a worshipper of the Wu Jian Council
  6415 | D:7      | Slain by an orc warrior

Illustrated notes

Levels and vault maps discovered:
D:1:      roderic_crossed_star, layout_basic,
          chequers_ecumenical_altar_simple_redux
D:2:      layout_loops_ring, serial_shops, nicolae_square_shop, shop, shop,
          nicolae_shop_statue_plus, nicolae_shop_window_shopping
D:3:      layout_basic, mainiacjoe_overflow_brackets, okawaru_altar_gauntlet_db,
          mainiacjoe_overflow_catwalk
D:4:      layout_loops_ring, amethyst_overflow_temple_binary, st_stairs_6
D:5:      old_forge, layout_rooms, hangedman_ru_absence, gammafunk_ghost_grave,
          uniq_ijyb, uniq_duvessa
D:6:      layout_loops_ring, tso_metal_star, minmay_temple_entry_poolview,
          nicolae_shop_clearance
D:7:      layout_loops_ring, mainiacjoe_overflow_alcove_1,
          nicolae_kikubaaqudgha_miasma_corner
Temple:   hellmonk_temple_of_storms

Skill      XL: |  1  2  3  4  5  6  7  8  9 |
---------------+----------------------------+-----
Conjurations   | 1 2 3 4 |  4.9
Dodging        | 2 3 4 5 |  5.2
Spellcasting   | 2 3 4 |  4.8
Alchemy        | 4 5 6 |  6.7
Fire Magic     | 1 2 3 |  3.1
Stealth        | |  1.5

Action                     |  1- 3 |  4- 6 |  7- 9 || total
---------------------------+-------+-------+-------++-------
  Melee: Unarmed           |    16 |       |       ||    16
         Dagger            |    77 |   178 |   169 ||   424
         Short sword       |    40 |   182 |     4 ||   226
         Mace              |       |       |   218 ||   218
         Trident           |       |       |    48 ||    48
   Cast: Sting             |     7 |     2 |     9 ||    18
         Mephitic Cloud    |       |       |    10 ||    10
Ability: Lunge             |       |       |     2 ||     2
  Evoke: Wand              |       |     4 |     2 ||     6
    Use: Scroll            |     2 |     8 |       ||    10
         Potion            |       |     5 |       ||     5
   Stab: Sleeping          |     5 |     8 |       ||    13
         Distracted        |       |     1 |       ||     1
         Confused          |       |       |    14 ||    14
 Armour: Robe              |    49 |       |       ||    49
         Leather armour    |    27 |    86 |   179 ||   292
  Dodge: Dodged            |    55 |   100 |   181 ||   336

Table legend: (Time is in decaauts)
 A = Elapsed time spent in this place.
 B = Non-inter-level travel time spent in this place.
 C = Inter-level travel time spent in this place.
 D = Time resting spent in this place.
 E = Time spent auto-exploring this place.
 F = Levels seen in this place.
 G = Mean time per level.
                   A        B        C        D        E       F      G
               +--------+--------+--------+--------+--------+-----+--------+
         Total |   6480 |   6176 |    304 |   1202 |   3106 |   8 |  810.0 |
       Dungeon |   6429 |   6125 |    304 |   1202 |   3106 |   7 |  918.4 |
        Temple |     50 |     50 |      0 |      0 |      0 |   1 |   50.0 |
               +--------+--------+--------+--------+--------+-----+--------+

Top non-repeatable levels by time:
     D:4: 1450 daAuts
     D:5: 1427 daAuts
     D:2: 993 daAuts
     D:6: 913 daAuts
     D:3: 845 daAuts
     D:1: 772 daAuts
  Temple: 50 daAuts
     D:7: 27 daAuts
